 Dungeon Crawl Stone Soup version 0.31-a0-175-g9f7f995f2b (webtiles) character file.

Game seed: 16601731173747812593

592 qw the Shooter (level 7, -1/43 HPs)
             Began as a Gargoyle Hunter on June 16, 2023.
             Slain by an ogre
             ... wielding a +0 giant spiked club
              (11 damage)
             ... on level 5 of the Dungeon.
             The game lasted 00:01:04 (2667 turns).

qw the Shooter (Gargoyle Hunter)                    Turns: 2667, Time: 00:01:05

Health: -1/43      AC: 12    Str: 15    XL:     7   Next: 39%
Magic:  7/7        EV: 11    Int:  9    God:
Gold:   82         SH:  0    Dex: 15    Spells: 6/6 levels left

rFire   . . .        a - +6 triple crossbow of the Black Skies {penet, Drain Fly rC+ Will+}
rCold   + . .        (shield currently unavailable)
rNeg    + . .        g - +0 ring mail
rPois   inf          (no helmet)
rElec   +            (no cloak)
rCorr   +            o - +0 pair of gloves
SInv    .            l - +0 pair of boots
Will    +....        (no amulet)
Stlth   +            h - ring of resist corrosion
HPRegen 0.27/turn    (no ring)
MPRegen 0.10/turn

%: no passive effects
@: about to teleport, marked, flying
A: sickness immunity, AC +4, negative energy resistance 1, electricity
resistance, torment resistance 1, petrification resistance
a: no special abilities


You were on level 5 of the Dungeon.
You visited 1 branch of the dungeon, and saw 5 of its levels.

You collected 203 gold pieces.
You spent 121 gold pieces at shops.


Innate Abilities, Weirdness & Mutations

You are immune to sickness and miasma.
Your stone body is resilient. (AC +4)
You are immune to poison.
You resist negative energy. (rN+)
You are resistant to electric shocks. (rElec)
You are resistant to unholy torment.
You are immune to petrification.


   Skills:
 - Level 4.0 Fighting
 + Level 7.8 Ranged Weapons
 - Level 2.1 Armour
 - Level 1.5 Dodging
 - Level 1.1 Stealth


You had 6 spell levels left.
You didn't know any spells.
Your spell library was empty.

Inventory:

Hand Weapons
 a - the +6 triple crossbow of the Black Skies (weapon) {penet, Drain Fly rC+ Will+}
   (You acquired it on level 1 of the Dungeon)

   rC:        It protects you from cold.
   Fly:       It grants you flight.
   Drain:     It drains your maximum health when unequipped.
   Will:      It increases your willpower.
 r - a +0 orcbow
Armour
 g - a +0 ring mail (worn)
 l - a +0 pair of boots (worn)
 o - a +0 pair of gloves (worn)
Jewellery
 b - a +6 ring of dexterity
 h - a ring of resist corrosion (left hand)
Scrolls
 j - a scroll of identify
Potions
 c - a potion of heal wounds
 d - a potion of lignification
 e - 2 potions of might
 f - a potion of attraction
 i - a potion of curing
 k - a potion of ambrosia {unknown}
 m - a potion of invisibility {unknown}

Dungeon Overview and Level Annotations

Branches:
Dungeon (5/15)
 Temple: D:4-7

Altars:
Dithmenos
Xom
Yredelemnul
The Shining One

Shops:
D:4 ([!:

Annotations:
D:2 1 runed translucent door, Crazy Yiuf


Message History

You shoot a bolt. The bolt misses the adder.
The adder bites you.
An adder comes into view.
The adder closely misses you.
The adder bites you but does no damage. x3
You shoot a bolt. The bolt completely misses the adder.
The bolt pierces through the adder!
You kill the adder!
The adder bites you but does no damage. The adder bites you.
The adder bites you but does no damage.
A scorpion comes into view.
The adder bites you but does no damage.
A quokka comes into view.
The adder bites you. x2; The scorpion moves out of view.
You shoot a bolt. The bolt pierces through the adder!!
You kill the adder!
The bolt pierces through the quokka.
You kill the quokka!
The adder misses you. The adder bites you but does no damage.
You shoot a bolt. The bolt misses the adder.
The adder bites you but does no damage. x2; The adder closely misses you.
You shoot a bolt. The bolt pierces through the adder!
You kill the adder!
The bolt pierces through the scorpion.
The scorpion is moderately wounded.
You shoot a bolt. The bolt pierces through the scorpion!!
You kill the scorpion!
You hear the slow hiss of an avalanche of sand very nearby.
An ogre comes into view. It is wielding a +0 giant spiked club.
You shoot a bolt. The bolt pierces through the ogre!
The ogre is heavily wounded.
The ogre hits you with a +0 giant spiked club!!
Ouch! That really hurt!
You shoot a bolt. The bolt pierces through the ogre!
The ogre is almost dead.
The ogre hits you with a +0 giant spiked club.
2667 ||| READING scroll of teleportation.
As you read the scroll of teleportation, it crumbles to dust.
You feel strangely unstable.
The ogre hits you with a +0 giant spiked club!
You die...

#..... ###### ....).
...... ......
....######## #..)...
....#......######..)....
)...............#.......
.............##O#)......
.............#..@).#
.%...).........#%#.#
#.)...........#.%# #
#.#..)..........##
#..#.........####
.............#
.......).....#
#...>...........
.............###


You could see an ogre.

Vanquished Creatures
  A centaur (D:5)
  A scorpion (D:5)
  3 hounds
  An orc priest (D:3)
  A sleepcap (D:5)
  Terence (D:2)
  An iguana (D:5)
  6 gnolls (D:4)
  9 adders
  3 worms
  4 dart slugs
  19 orcs
  6 endoplasms
  3 giant cockroaches
  6 goblins
  9 hobgoblins
  3 jackals
  5 kobolds
  2 quokkas
  3 ball pythons
  5 bats
  A frilled lizard (D:1)
  2 rats (D:1)
95 creatures vanquished.

Notes
Turn   | Place    | Note
-------+----------+-------------------------------------------
     0 | D:1      | qw the Gargoyle Hunter began the quest for the Orb.
     0 | D:1      | Reached XP level 1. HP: 12/12 MP: 1/1
     0 | D:1      | 0 ||| qw: Version: 0.2-a-29-g511e9b1
     0 | D:1      | 0 ||| qw: Game counter: 5853
     0 | D:1      | 0 ||| qw: Always use a shield: true
     0 | D:1      | 0 ||| qw: God list: Okawaru
     0 | D:1      | 0 ||| qw: Allow faded altars: false
     0 | D:1      | 0 ||| qw: Do Orc after D:15 true
     0 | D:1      | 0 ||| qw: Do second Lair branch before Depths: true
     0 | D:1      | 0 ||| qw: Lair rune preference: random
     0 | D:1      | 0 ||| qw: Plans: Normal, Zot:1-4, Slime:5, God:TSO, Crypt,
                  | Tomb, Abyss, Pan, Hells, Win
     0 | D:1      | 0 ||| PLANNING D:1-11
   134 | D:1      | Found a faded altar of an unknown god.
   252 | D:1      | Reached XP level 2. HP: 17/17 MP: 2/2
   625 | D:1      | 625 ||| READING scroll labelled KYTTYRHEMOC.
   626 | D:1      | 626 ||| READING scroll labelled LIOTOX JOBLO.
   626 | D:1      | Identified a scroll of acquirement
   626 | D:1      | 626 ||| ACQUIRING +6 triple crossbow of the Black Skies
                  | {penet, Drain Fly rC+ Will+}
   626 | D:1      | Acquired the +6 triple crossbow of the Black Skies {penet,
                  | Drain Fly rC+ Will+}
   628 | D:1      | 628 ||| UPGRADING to +6 triple crossbow of the Black Skies
                  | {penet, Drain Fly rC+ Will+}.
   629 | D:1      | 629 ||| DROPPING scroll of butterflies.
   655 | D:2      | Reached skill level 5 in Ranged Weapons
   655 | D:2      | Reached XP level 3. HP: 21/21 MP: 3/3
   703 | D:2      | Noticed Terence
   707 | D:2      | Killed Terence
   708 | D:2      | Reached skill level 3 in Fighting
   708 | D:2      | Reached XP level 4. HP: 25/28 MP: 4/4
  1003 | D:2      | Found a runed translucent door.
  1004 | D:2      | Noticed Crazy Yiuf
  1146 | D:2      | 1146 ||| UPGRADING to +0 ring mail.
  1156 | D:2      | 1156 ||| DROPPING +0 leather armour.
  1157 | D:2      | 1157 ||| UPGRADING to ring of resist corrosion.
  1158 | D:2      | 1158 ||| READING scroll labelled TILOGHI YBRURPH.
  1159 | D:2      | 1159 ||| READING scroll labelled MAIWKOL KIBIL.
  1219 | D:2      | 1219 ||| READING scroll labelled YGUCKONEGU.
  1237 | D:2      | 1237 ||| READING 3 scrolls labelled QEX MUYPIR.
  1238 | D:2      | 1238 ||| READING scroll labelled EROCRIQUNU.
  1239 | D:2      | 1239 ||| READING 2 scrolls of identify.
  1239 | D:2      | 1239 ||| IDENTIFYING bubbling puce potion
  1524 | D:3      | Reached skill level 1 in Armour
  1615 | D:3      | 1615 ||| FLEEEEING.
  1616 | D:3      | 1616 ||| FLEEEEING.
  1618 | D:3      | 1618 ||| FLEEEEING.
  1619 | D:3      | 1619 ||| FLEEEEING.
  1621 | D:3      | 1621 ||| FLEEEEING.
  1622 | D:3      | 1622 ||| FLEEEEING.
  1623 | D:3      | 1623 ||| FLEEEEING.
  1624 | D:3      | 1624 ||| FLEEEEING.
  1625 | D:3      | 1625 ||| FLEEEEING.
  1626 | D:3      | 1626 ||| FLEEEEING.
  1627 | D:3      | 1627 ||| FLEEEEING.
  1628 | D:3      | 1628 ||| FLEEEEING.
  1629 | D:3      | 1629 ||| FLEEEEING.
  1630 | D:3      | 1630 ||| FLEEEEING.
  1631 | D:3      | 1631 ||| FLEEEEING.
  1632 | D:3      | 1632 ||| FLEEEEING.
  1633 | D:3      | 1633 ||| FLEEEEING.
  1634 | D:3      | 1634 ||| FLEEEEING.
  1635 | D:3      | 1635 ||| FLEEEEING.
  1636 | D:3      | 1636 ||| FLEEEEING.
  1637 | D:3      | 1637 ||| FLEEEEING.
  1638 | D:3      | 1638 ||| FLEEEEING.
  1639 | D:3      | 1639 ||| FLEEEEING.
  1640 | D:3      | 1640 ||| FLEEEEING.
  1643 | D:3      | Reached XP level 5. HP: 31/32 MP: 5/5
  1840 | D:3      | Found a shadowy altar of Dithmenos.
  1872 | D:3      | 1872 ||| DRINKING 2 golden potions.
  1902 | D:4      | Found Qaob's Distillery.
  1902 | D:4      | Found Moimoz's Armour Emporium.
  1902 | D:4      | Found Fote's Antique Weapon Emporium.
  1904 | D:4      | 1904 ||| BUYING potion of attraction (36 gold).
  1904 | D:4      | Bought a potion of attraction for 36 gold pieces
  1904 | D:4      | 1904 ||| BUYING potion of curing (36 gold).
  1904 | D:4      | Bought a potion of curing for 36 gold pieces
  1904 | D:4      | 1904 ||| SHOPLISTING potion of curing (36 gold, have 29).
  1904 | D:4      | 1904 ||| SHOPLISTING potion of haste (120 gold, have 29).
  1904 | D:4      | 1904 ||| SHOPLISTING potion of lignification (36 gold, have
                  | 29).
  1904 | D:4      | 1904 ||| Stepping randomly (stuck).
  1905 | D:4      | 1905 ||| STAIRDANCE
  1930 | D:4      | Found a shimmering altar of Xom.
  1938 | D:4      | Reached skill level 6 in Ranged Weapons
  1947 | D:4      | 1947 ||| FLEEEEING.
  1948 | D:4      | 1948 ||| FLEEEEING.
  1949 | D:4      | 1949 ||| FLEEEEING.
  1950 | D:4      | 1950 ||| FLEEEEING.
  1951 | D:4      | 1951 ||| FLEEEEING.
  1952 | D:4      | 1952 ||| STAIRDANCE
  1985 | D:4      | 1985 ||| STAIRDANCE
  2108 | D:4      | Reached XP level 6. HP: 38/38 MP: 6/6
  2132 | D:4      | 2132 ||| BUYING +0 pair of gloves (49 gold).
  2132 | D:4      | Bought a +0 pair of gloves for 49 gold pieces
  2132 | D:4      | 2132 ||| SHOPLISTING +2 ring mail of fire resistance (231
                  | gold, have 6).
  2294 | D:4      | Found Agayv's Tiny Tomes.
  2360 | D:4      | Found a glowing golden altar of the Shining One.
  2463 | D:4      | Found a basalt altar of Yredelemnul.
  2464 | D:4      | 2464 ||| DROPPING +0 shortbow.
  2563 | D:4      | Noticed an angel
  2565 | D:4      | 2565 ||| UPGRADING to +0 pair of boots.
  2570 | D:4      | 2570 ||| UPGRADING to +0 pair of gloves.
  2575 | D:4      | 2575 ||| READING scroll labelled MULUS GEBLUABE.
  2576 | D:4      | 2576 ||| READING scroll labelled QOOQEU LIEPTI.
  2577 | D:4      | 2577 ||| READING scroll labelled IVIECE IKITEO.
  2578 | D:4      | 2578 ||| READING 2 scrolls of identify.
  2578 | D:4      | 2578 ||| IDENTIFYING metallic golden potion
  2591 | D:5      | Entered Level 5 of the Dungeon
  2592 | D:5      | 2592 ||| PLANNING OSSUARY
  2602 | D:5      | Identified the +1 sling "Avvausem" {heavy, rElec rF+ rN+}
  2617 | D:5      | Reached skill level 7 in Ranged Weapons
  2621 | D:5      | Reached XP level 7. HP: 43/43 MP: 7/7
  2666 | D:5      | HP: 10/43 [ogre/+0 giant spiked club (3)]
  2667 | D:5      | 2667 ||| READING scroll of teleportation.
  2667 | D:5      | Slain by an ogre

Levels and vault maps discovered:
D:1:      dpeg_arrival_ternary, layout_loops_ring,
          ebering_ecumenical_altar_abandoned, chequers_serial_rivers_small_b
D:2:      layout_rooms, uniq_terence, uniq_crazy_yiuf_cottage
D:3:      layout_loops_cross, grunt_dithmenos_smoke
D:4:      layout_cave_pools, grunt_temple_overflow_holy_war, old_standard_altar,
          nicolae_shop_i_like_small_books_too,
          nicolae_shop_distant_corner_stores, sigmund_army
D:5:      layout_rooms, minmay_temple_entry_hall, gammafunk_ghost_smash,
          enter_ossuary_2

Skill      XL: |  1  2  3  4  5  6 |
---------------+-------------------+-----
Ranged Weapons | 5 6 7 |  7.8
Fighting       | 3 4 |  4.0
Armour         | 1 2 |  2.1
Dodging        | |  1.5
Stealth        | |  1.1

Action                     |  1- 3 |  4- 6 |  7- 9 || total
---------------------------+-------+-------+-------++-------
   Fire: Shortbow          |    55 |       |       ||    55
         Triple crossbow   |     9 |    98 |    19 ||   126
    Use: Scroll            |     2 |    10 |     1 ||    13
         Potion            |       |     1 |       ||     1
 Armour: Leather armour    |    14 |     5 |       ||    19
         Ring mail         |       |    28 |    18 ||    46
  Dodge: Dodged            |    14 |    59 |    11 ||    84

Table legend:
 A = Non-vault XP
 B = Vault XP
 C = Vault XP percentage of total XP
 D = Non-vault monster count
 E = Vault monster count
 F = Vault count percentage of total count
                 A         B        C        D         E       F
            +---------+---------+-------+---------+---------+-------
      Total |     771 |      75 |   8.9 |      88 |       7 |   7.4
            +---------+---------+-------+---------+---------+-------
        D:1 |      27 |       0 |   0.0 |      16 |       0 |   0.0
        D:2 |      48 |      36 |  42.9 |      16 |       1 |   5.9
        D:3 |     102 |       0 |   0.0 |      17 |       0 |   0.0
        D:4 |     155 |      39 |  20.1 |      17 |       6 |  26.1
        D:5 |     439 |       0 |   0.0 |      22 |       0 |   0.0
            +---------+---------+-------+---------+---------+-------
